Canucks vs Flames

Created - 18 novembre 2016 at 21:55

Goals
1 2 3 T
Canucks 4 2 2 8
Flames 0 1 2 3
Shots
1 2 3 T
Canucks 14 8 10 32
Flames 15 9 12 36

1st period

1. Canucks , Mike Ribeiro 4 (Maxim Afinogenov, Milan Michalek) at 1:27
2. Canucks , Milan Michalek 2 (Mike Ribeiro) at 8:07
3. Canucks , Matt Stajan 4 (Clarke MacArthur, Martin St. Louis) at 14:01 (PP)
4. Canucks , Alex Goligoski 6 (Mike Ribeiro) at 18:04 (PP)

Penalties :
Maxim Lapierre (Van) for Hooking (Minor) at 2:07, Eric Staal (Cal) for Hooking (Minor) at 13:25, Robyn Regehr (Cal) for Hooking (Minor) at 18:01

2nd period

5. Canucks , Patrick Eaves 1 (Maxim Afinogenov, Martin Hanzal) at 8:19
6. Flames , Jonathan Ferland 1 (Brad Marchand, Colin Wilson) at 12:06
7. Canucks , Mike Ribeiro 5 (Alex Goligoski, Ben Lovejoy) at 16:10

Penalties :
Brendon Nash (Van) for Tripping (Minor) at 9:45, Steve Regier (Cal) for High sticking (Minor) at 17:08

3rd period

8. Flames , Colin Wilson 3 (Steve Eminger, Brad Marchand) at 8:22
9. Canucks , Milan Michalek 3 (Mike Ribeiro, Ben Lovejoy) at 12:21
10. Flames , Eric Staal 5 (Colin Wilson, Brad Marchand) at 16:30
11. Canucks , Darren Helm 1 (Mike Ribeiro, Milan Michalek) at 19:00 (PP)

Penalties :
Eric Staal (Cal) for Roughing (Minor) at 13:52, Eric Staal (Cal) for Hooking (Minor) at 18:50

Goalie Stats

Ray Emery (Van), 33 saves from 36 shots - (0,917), W, 1-0-0, 60:00 minutes
Craig Anderson (Cal), 7 saves from 10 shots - (0,700), L, 1-1-0, 22:09 minutes
Pekka Rinne (Cal), 17 saves from 22 shots - (0,773), 37:51 minutes

Players Stats for Canucks

Player Name              G  A  P  +/- PIM S  H  SB GA TA FO     MP     PP MP  PK MP  
------------------------------------------------------------------------------------
Alex Goligoski           1  1  2   1  0   4  0  1  1  0  0/0    29:31   3:06   2:26 
Alex Tanguay             0  0  0   0  0   1  1  2  0  0  1/1     9:39   0:00   0:50 
Ben Lovejoy              0  2  2   1  0   1  2  1  1  2  0/0    29:17   3:06   2:26 
Brendon Nash             0  0  0  -1  2   1  1  3  0  0  0/0    11:43   0:00   0:00 
Clarke MacArthur         0  1  1  -2  0   0  3  0  0  0  0/0    17:58   2:10   0:00 
Darren Helm              1  0  1   3  0   2  1  0  0  0  0/0    12:33   1:32   0:00 
Jiri Hudler              0  0  0   0  0   2  1  0  1  0  0/0    17:44   1:29   0:50 
Martin Hanzal            0  1  1   0  0   1  0  2  0  0  0/1     9:02   0:00   0:00 
Martin St. Louis         0  1  1  -2  0   2  0  0  1  0  1/1    17:04   1:46   1:15 
Matt Stajan              1  0  1  -1  0   1  3  0  1  0  6/9    16:07   1:46   1:15 
Maxim Afinogenov         0  2  2   2  0   1  2  0  0  0  2/3    13:08   0:24   1:53 
Maxim Lapierre           0  0  0  -1  2   4  0  1  0  0  3/5    12:27   0:00   0:00 
Mike Ribeiro             2  4  6   4  0   4  1  0  0  2  20/37  21:27   2:37   1:53 
Milan Michalek           2  2  4   3  0   5  2  1  1  0  2/3    19:44   2:37   0:00 
Patrick Eaves            1  0  1   0  0   1  1  0  0  0  0/0     8:44   0:00   0:00 
Ryan Parent              0  0  0  -1  0   1  0  1  0  0  0/0    11:34   0:00   0:00 
Sami Lepisto             0  0  0   2  0   0  0  0  1  0  0/0    19:09   1:41   1:32 
Tom Poti                 0  0  0   2  0   1  2  1  0  0  0/0    19:09   1:41   1:32 

Players Stats for Flames

Player Name              G  A  P  +/- PIM S  H  SB GA TA FO     MP     PP MP  PK MP  
------------------------------------------------------------------------------------
Alexander Semin          0  0  0  -2  0   4  1  2  1  0  0/2    23:39   2:13   2:49 
Brad Marchand            0  3  3   3  0   2  0  1  0  0  1/1    10:20   0:00   1:22 
Cam Janssen              0  0  0  -1  0   2  1  0  0  1  0/0     9:49   0:00   0:00 
Colin Wilson             1  2  3   3  0   3  1  0  0  0  1/2     9:32   0:00   0:34 
Eric Staal               1  0  1  -1  6   6  1  0  0  0  13/29  21:26   2:13   0:33 
Erik Johnson             0  0  0  -2  0   0  0  0  0  0  0/0    19:55   2:35   1:43 
Jonathan Ferland         1  0  1   2  0   1  0  0  1  0  0/0     8:19   0:00   0:00 
Jordin Tootoo            0  0  0  -2  0   1  2  0  0  0  1/1    21:19   2:13   1:02 
Marcel Goc               0  0  0  -1  0   1  0  1  0  1  4/9    12:51   0:00   2:46 
Mark Bell                0  0  0  -2  0   1  3  0  0  1  0/1    14:36   0:00   0:28 
Michel Ouellet           0  0  0  -2  0   2  0  1  2  0  0/0    15:53   1:45   0:00 
Noah Welch               0  0  0   0  0   0  0  1  0  0  0/0    12:02   1:23   0:00 
Patrik Berglund          0  0  0  -2  0   1  2  1  0  0  5/15   15:53   1:45   0:00 
Robyn Regehr             0  0  0  -2  2   2  3  2  0  1  0/0    16:21   1:23   0:00 
Ron Hainsey              0  0  0   0  0   3  0  2  0  0  0/0    23:38   0:00   3:04 
Steve Eminger            0  1  1   0  0   4  3  2  0  2  0/0    23:38   0:00   3:04 
Steve Regier             0  0  0  -1  2   1  3  1  0  1  0/0    15:57   1:45   0:00 
Tomas Kaberle            0  0  0   0  0   2  1  3  0  0  0/0    20:00   2:35   1:43 

3 Stars

1 - Mike Ribeiro (Van)
2 - Milan Michalek (Van)
3 - Colin Wilson (Cal)

Power Play

Canucks - 3 on 5 Attempt(s) - 60,00%
Flames - 0 on 2 Attempt(s) - 0,00%

Penalty Kill

Canucks - 2 on 2 Attempt(s) - 100,00% - Score 0 goal in Penalty Kill
Flames - 2 on 5 Attempt(s) - 40,00% - Score 0 goal in Penalty Kill

Team Stat

Canucks - Hits : 20 - Faceoff Wins : 35 - Blocked Shots : 13 - Penalty Minutes : 4
Flames - Hits : 21 - Faceoff Wins : 25 - Blocked Shots : 17 - Penalty Minutes : 10

Official

Referees : StLaurent Francois and StPierre Justin
Linesman : Derek Amell and Andy McElman

Game Notes

Craig Anderson enters game at 14:01 of 1st period
Maxim Afinogenov is injured at 13:34 of 2nd period (Strained Left Knee)
Alex Tanguay is injured at 14:12 of 2nd period (Left Knee)
Pekka Rinne enters game at 16:10 of 2nd period

Finance

Level 1 -- Attendance: 5158 (85,97%) -- Ticket Income 459 062 $
Level 2 -- Attendance: 3488 (69,76%) -- Ticket Income 198 816 $
Level 3 -- Attendance: 1530 (76,50%) -- Ticket Income 50 490 $
Level 4 -- Attendance: 2974 (74,35%) -- Ticket Income 68 402 $
Luxury Box -- Attendance: 672 (67,20%) -- Ticket Income 127 008 $
Game was played at the Metal Center.
Total Attendance: 13822 (76,79%)
Total Ticket Income: 903 778 $
Other Income: 135 567 $
Total Income: 1 039 345 $

Canucks

5 vs 5 Forward 
   Center                   Left Wing                Right Wing               Time % Phy DF OF 
 1 Mike Ribeiro             Milan Michalek           Maxim Afinogenov         40     1   2  2  
 2 Matt Stajan              Clarke MacArthur         Martin St. Louis         30     1   2  2  
 3 Maxim Lapierre           Alex Tanguay             Jiri Hudler              20     1   2  2  
 4 Martin Hanzal            Maxim Afinogenov         Patrick Eaves            10     1   2  2  

5 vs 5 Defense 
   Defense                  Defense                                           Time % Phy DF OF 
 1 Alex Goligoski           Ben Lovejoy                                       40     1   2  2  
 2 Tom Poti                 Sami Lepisto                                      30     1   2  2  
 3 Ryan Parent              Brendon Nash                                      20     1   2  2  
 4 Alex Goligoski           Ben Lovejoy                                       10     1   2  2  

PowerPlay Forward 
   Center                   Left Wing                Right Wing               Time % Phy DF OF 
 1 Mike Ribeiro             Milan Michalek           Maxim Afinogenov         60     1   2  2  
 2 Matt Stajan              Clarke MacArthur         Martin St. Louis         40     1   2  2  

PowerPlay Defense
   Defense                  Defense                                           Time % Phy DF OF 
 1 Alex Goligoski           Ben Lovejoy                                       60     1   2  2  
 2 Tom Poti                 Sami Lepisto                                      40     1   2  2  

Penalty Kill 4 Players Forward 
   Center                   Wing                     Time % Phy DF OF 
 1 Maxim Afinogenov         Mike Ribeiro             60     1   2  2  
 2 Martin St. Louis         Matt Stajan              40     1   2  2  

Penalty Kill 4 Players Defense
   Defense                  Defense                  Time % Phy DF OF 
 1 Alex Goligoski           Ben Lovejoy              60     1   2  2  
 2 Tom Poti                 Sami Lepisto             40     1   2  2  

Penalty Kill - 3 Players Forward 
   Forward                                           Time % Phy DF OF 
 1 Maxim Afinogenov                                  60     1   2  2  
 2 Mike Ribeiro                                      40     1   2  2  

Penalty Kill - 3 Players Defense
   Defense                  Defense                  Time % Phy DF OF 
 1 Alex Goligoski           Ben Lovejoy              60     1   2  2  
 2 Tom Poti                 Sami Lepisto             40     1   2  2  

4 vs 4 Forward 
   Center                   Wing                     Time % Phy DF OF 
 1 Maxim Afinogenov         Mike Ribeiro             60     1   2  2  
 2 Martin St. Louis         Matt Stajan              40     1   2  2  

4 vs 4 Defense
   Defense                  Defense                  Time % Phy DF OF 
 1 Alex Goligoski           Ben Lovejoy              60     1   2  2  
 2 Tom Poti                 Sami Lepisto             40     1   2  2  

Last Minutes Offensive
   Center                   Left Wing                Right Wing               Defense                  Defense                  
   Mike Ribeiro             Milan Michalek           Maxim Afinogenov         Alex Goligoski           Ben Lovejoy              

Last Minutes Defensive
   Center                   Left Wing                Right Wing               Defense                  Defense                  
   Mike Ribeiro             Milan Michalek           Maxim Afinogenov         Alex Goligoski           Ben Lovejoy              

Goaltenders
Starting : Ray Emery                
Backup : Carey Price              

Extra Forwards
Normal : Darren Helm, Alex Tanguay, Jiri Hudler - PP : Darren Helm, Alex Tanguay - PK : Jiri Hudler
Extra Defensemen
Normal : Ryan Parent, Brendon Nash, Tom Poti - PP : Ryan Parent - PK : Brendon Nash, Tom Poti
Penalty Shots
Maxim Afinogenov, Mike Ribeiro, Martin St. Louis, Matt Stajan, Milan Michalek

Flames

5 vs 5 Forward 
   Center                   Left Wing                Right Wing               Time % Phy DF OF 
 1 Eric Staal               Alexander Semin          Jordin Tootoo            39     1   2  2  
 2 Patrik Berglund          Mark Bell                Michel Ouellet           30     1   2  2  
 3 Marcel Goc               Steve Regier             Cam Janssen              21     1   2  2  
 4 Colin Wilson             Brad Marchand            Jonathan Ferland         10     1   2  2  

5 vs 5 Defense 
   Defense                  Defense                                           Time % Phy DF OF 
 1 Ron Hainsey              Steve Eminger                                     40     1   2  2  
 2 Robyn Regehr             Erik Johnson                                      30     1   2  2  
 3 Tomas Kaberle            Noah Welch                                        20     1   2  2  
 4 Tomas Kaberle            Steve Regier                                      10     1   2  2  

PowerPlay Forward 
   Center                   Left Wing                Right Wing               Time % Phy DF OF 
 1 Eric Staal               Alexander Semin          Jordin Tootoo            60     1   1  3  
 2 Patrik Berglund          Steve Regier             Michel Ouellet           40     1   1  3  

PowerPlay Defense
   Defense                  Defense                                           Time % Phy DF OF 
 1 Tomas Kaberle            Erik Johnson                                      60     1   1  3  
 2 Robyn Regehr             Noah Welch                                        40     1   1  3  

Penalty Kill 4 Players Forward 
   Center                   Wing                     Time % Phy DF OF 
 1 Marcel Goc               Alexander Semin          60     1   3  1  
 2 Eric Staal               Jordin Tootoo            40     1   3  1  

Penalty Kill 4 Players Defense
   Defense                  Defense                  Time % Phy DF OF 
 1 Ron Hainsey              Steve Eminger            60     1   4  0  
 2 Tomas Kaberle            Erik Johnson             40     1   4  0  

Penalty Kill - 3 Players Forward 
   Forward                                           Time % Phy DF OF 
 1 Eric Staal                                        60     1   4  0  
 2 Alexander Semin                                   40     1   4  0  

Penalty Kill - 3 Players Defense
   Defense                  Defense                  Time % Phy DF OF 
 1 Ron Hainsey              Steve Eminger            60     1   4  0  
 2 Tomas Kaberle            Erik Johnson             40     1   4  0  

4 vs 4 Forward 
   Center                   Wing                     Time % Phy DF OF 
 1 Eric Staal               Alexander Semin          60     1   2  2  
 2 Patrik Berglund          Jordin Tootoo            40     1   2  2  

4 vs 4 Defense
   Defense                  Defense                  Time % Phy DF OF 
 1 Ron Hainsey              Steve Eminger            60     1   2  2  
 2 Tomas Kaberle            Erik Johnson             40     1   2  2  

Last Minutes Offensive
   Center                   Left Wing                Right Wing               Defense                  Defense                  
   Eric Staal               Alexander Semin          Jordin Tootoo            Erik Johnson             Steve Eminger            

Last Minutes Defensive
   Center                   Left Wing                Right Wing               Defense                  Defense                  
   Eric Staal               Alexander Semin          Jordin Tootoo            Erik Johnson             Steve Eminger            

Goaltenders
Starting : Pekka Rinne              
Backup : Craig Anderson           

Extra Forwards
Normal : Alexander Semin, Jordin Tootoo, Steve Regier - PP : Jordin Tootoo, Steve Regier - PK : Brad Marchand
Extra Defensemen
Normal : Erik Johnson, Tomas Kaberle, Robyn Regehr - PP : Noah Welch - PK : Erik Johnson, Tomas Kaberle
Penalty Shots
Eric Staal, Alexander Semin, Patrik Berglund, Steve Regier, Colin Wilson

% Time on Ice - Canucks

Lines # - Real PCT - Wanted PCT - Time Play
Normal Forward
1 - 33% - 40% - 17:01
2 - 26% - 30% - 13:06
3 - 24% - 20% - 12:24
4 - 17% - 10% - 8:44
Normal Defense
1 - 40% - 40% - 20:29
2 - 31% - 30% - 15:56
3 - 23% - 20% - 11:34
4 - 6% - 10% - 3:16
PP Forward
1 - 63% - 60% - 3:01
2 - 37% - 40% - 1:46
PP Defense
1 - 65% - 60% - 3:06
2 - 35% - 40% - 1:41
PK Forward
1 - 68% - 60% - 2:43
2 - 32% - 40% - 1:15
PK Defense
1 - 61% - 60% - 2:26
2 - 39% - 40% - 1:32
PK3 Forward
1 - 0% - 60%
2 - 0% - 40%
PK3 Defense
1 - 0% - 60%
2 - 0% - 40%
44 Forward
1 - 0% - 60%
2 - 0% - 40%
44 Defense
1 - 0% - 60%
2 - 0% - 40%
Last Minute Offensive  - 0:00
Last Minute Defensive  - 0:00
Total
Forward - 60:00
Defense - 60:00

% Time on Ice - Flames

Lines # - Real PCT - Wanted PCT - Time Play
Normal Forward
1 - 37% - 39% - 18:59
2 - 28% - 30% - 14:08
3 - 19% - 21% - 9:49
4 - 16% - 10% - 8:19
Normal Defense
1 - 40% - 40% - 20:43
2 - 31% - 30% - 15:51
3 - 20% - 20% - 10:16
4 - 9% - 10% - 4:25
PP Forward
1 - 56% - 60% - 2:13
2 - 44% - 40% - 1:45
PP Defense
1 - 65% - 60% - 2:35
2 - 35% - 40% - 1:23
PK Forward
1 - 78% - 60% - 3:45
2 - 22% - 40% - 1:02
PK Defense
1 - 64% - 60% - 3:04
2 - 36% - 40% - 1:43
PK3 Forward
1 - 0% - 60%
2 - 0% - 40%
PK3 Defense
1 - 0% - 60%
2 - 0% - 40%
44 Forward
1 - 0% - 60%
2 - 0% - 40%
44 Defense
1 - 0% - 60%
2 - 0% - 40%
Last Minute Offensive  - 0:00
Last Minute Defensive  - 0:00
Total
Forward - 60:00
Defense - 60:00

Play by Play

1st period


0:01 of 1st period - Mike Ribeiro wins face-off versus Eric Staal in neutral zone.
0:50 of 1st period - Erik Johnson is hit by Alex Tanguay and loses puck.
1:17 of 1st period - Snap shot by Colin Wilson.
1:17 of 1st period - Shot Misses the Net.
1:19 of 1st period - Slapshot by Robyn Regehr.
1:19 of 1st period - Deflect By Tom Poti.
1:19 of 1st period - Stopped by Ray Emery without a rebound.
1:20 of 1st period - Mike Ribeiro wins face-off versus Eric Staal in Canucks zone.
1:27 of 1st period - Wrist shot by Mike Ribeiro.
1:27 of 1st period - Goal by Mike Ribeiro - Canucks : 1 - Flames : 0.
1:28 of 1st period - Mike Ribeiro wins face-off versus Patrik Berglund in neutral zone.
1:35 of 1st period - Snap shot by Mike Ribeiro.
1:35 of 1st period - Shot Misses the Net.
2:07 of 1st period - Minor Penalty to Maxim Lapierre for Hooking.
2:08 of 1st period - Maxim Afinogenov wins face-off versus Eric Staal in Canucks zone.
2:22 of 1st period - Wrist shot by Alexander Semin.
2:22 of 1st period - Shot Misses the Net.
2:24 of 1st period - Wrist shot by Jordin Tootoo.
2:24 of 1st period - Shot Blocked by Alex Goligoski.
4:07 of 1st period - Penalty to Maxim Lapierre is over, Maxim Lapierre is back on ice.
4:28 of 1st period - Ryan Parent is hit by Steve Regier and loses puck.
5:24 of 1st period - Matt Stajan is hit by Mark Bell.
5:40 of 1st period - Martin Hanzal is hit by Cam Janssen and loses puck.
6:28 of 1st period - Michel Ouellet is hit by Matt Stajan and loses puck.
6:39 of 1st period - Wrist shot by Alex Goligoski.
6:39 of 1st period - Stopped by Pekka Rinne with a rebound.
7:33 of 1st period - Snap shot by Marcel Goc.
7:33 of 1st period - Shot Misses the Net.
7:35 of 1st period - Wrist shot by Noah Welch.
7:35 of 1st period - Shot Misses the Net.
7:59 of 1st period - Snap shot by Milan Michalek.
7:59 of 1st period - Stopped by Pekka Rinne without a rebound.
8:00 of 1st period - Mike Ribeiro wins face-off versus Patrik Berglund in Flames zone.
8:05 of 1st period - Wrist shot by Milan Michalek.
8:05 of 1st period - Shot Misses the Net.
8:07 of 1st period - Slapshot by Milan Michalek.
8:07 of 1st period - Goal by Milan Michalek - Canucks : 2 - Flames : 0.
8:08 of 1st period - Eric Staal wins face-off versus Mike Ribeiro in neutral zone.
10:07 of 1st period - Off-side.
10:08 of 1st period - Colin Wilson wins face-off versus Maxim Lapierre in neutral zone.
11:10 of 1st period - Snap shot by Alex Tanguay.
11:10 of 1st period - Shot Misses the Net.
11:12 of 1st period - Wrist shot by Jiri Hudler.
11:12 of 1st period - Shot Misses the Net.
11:14 of 1st period - Slapshot by Maxim Lapierre.
11:14 of 1st period - Stopped by Pekka Rinne with a rebound.
11:18 of 1st period - Wrist shot by Jiri Hudler.
11:18 of 1st period - Shot Misses the Net.
11:20 of 1st period - Slapshot by Alex Goligoski.
11:20 of 1st period - Shot Blocked by Robyn Regehr.
11:22 of 1st period - Wrist shot by Maxim Lapierre.
11:22 of 1st period - Stopped by Pekka Rinne with a rebound.
11:32 of 1st period - Wrist shot by Jiri Hudler.
11:32 of 1st period - Shot Misses the Net.
11:34 of 1st period - Wrist shot by Maxim Lapierre.
11:34 of 1st period - Stopped by Pekka Rinne without a rebound.
11:35 of 1st period - Mike Ribeiro wins face-off versus Eric Staal in Flames zone.
11:36 of 1st period - Snap shot by Maxim Afinogenov.
11:36 of 1st period - Shot Misses the Net.
11:46 of 1st period - Snap shot by Eric Staal.
11:46 of 1st period - Stopped by Ray Emery with a rebound.
11:48 of 1st period - Snap shot by Ron Hainsey.
11:48 of 1st period - Deflect By Milan Michalek.
11:48 of 1st period - Stopped by Ray Emery with a rebound.
11:50 of 1st period - Slapshot by Ron Hainsey.
11:50 of 1st period - Stopped by Ray Emery without a rebound.
11:51 of 1st period - Matt Stajan wins face-off versus Patrik Berglund in Canucks zone.
11:51 of 1st period - Matt Stajan is hit by Steve Eminger.
12:01 of 1st period - Ron Hainsey is hit by Tom Poti.
12:05 of 1st period - Snap shot by Martin St. Louis.
12:05 of 1st period - Stopped by Pekka Rinne with a rebound.
12:07 of 1st period - Snap shot by Tom Poti.
12:07 of 1st period - Stopped by Pekka Rinne with a rebound.
12:22 of 1st period - Snap shot by Milan Michalek.
12:22 of 1st period - Shot Misses the Net.
12:24 of 1st period - Slapshot by Maxim Afinogenov.
12:24 of 1st period - Deflect By Eric Staal.
12:24 of 1st period - Shot Misses the Net.
12:24 of 1st period - Puck is out of play.
12:25 of 1st period - Eric Staal wins face-off versus Mike Ribeiro in Flames zone.
12:54 of 1st period - Slapshot by Patrik Berglund.
12:54 of 1st period - Shot Blocked by Milan Michalek.
12:56 of 1st period - Snap shot by Michel Ouellet.
12:56 of 1st period - Stopped by Ray Emery without a rebound.
12:57 of 1st period - Patrik Berglund wins face-off versus Matt Stajan in Canucks zone.
13:04 of 1st period - Slapshot by Patrik Berglund.
13:04 of 1st period - Shot Misses the Net.
13:12 of 1st period - Backhand shot by Clarke MacArthur.
13:12 of 1st period - Shot Blocked by Patrik Berglund.
13:25 of 1st period - Minor Penalty to Eric Staal for Hooking.
13:26 of 1st period - Marcel Goc wins face-off versus Mike Ribeiro in Flames zone.
13:26 of 1st period - Marcel Goc is hit by Milan Michalek.
14:01 of 1st period - Wrist shot by Matt Stajan.
14:01 of 1st period - Goal by Matt Stajan - Canucks : 3 - Flames : 0.
14:01 of 1st period - Craig Anderson enters game.
14:02 of 1st period - Eric Staal wins face-off versus Mike Ribeiro in neutral zone.
14:27 of 1st period - Alex Goligoski is hit by Steve Eminger and loses puck.
15:18 of 1st period - Slapshot by Colin Wilson.
15:18 of 1st period - Stopped by Ray Emery without a rebound.
15:19 of 1st period - Mike Ribeiro wins face-off versus Eric Staal in Canucks zone.
15:48 of 1st period - Snap shot by Cam Janssen.
15:48 of 1st period - Stopped by Ray Emery without a rebound.
15:49 of 1st period - Mike Ribeiro wins face-off versus Marcel Goc in Canucks zone.
15:56 of 1st period - Slapshot by Steve Regier.
15:56 of 1st period - Shot Blocked by Ryan Parent.
15:58 of 1st period - Slapshot by Tomas Kaberle.
15:58 of 1st period - Stopped by Ray Emery with a rebound.
16:00 of 1st period - Slapshot by Tomas Kaberle.
16:00 of 1st period - Stopped by Ray Emery with a rebound.
16:02 of 1st period - Slapshot by Steve Regier.
16:02 of 1st period - Stopped by Ray Emery without a rebound.
16:03 of 1st period - Maxim Afinogenov wins face-off versus Eric Staal in Canucks zone.
16:03 of 1st period - Maxim Afinogenov is hit by Jordin Tootoo.
16:11 of 1st period - Snap shot by Milan Michalek.
16:11 of 1st period - Stopped by Craig Anderson with a rebound.
16:29 of 1st period - Steve Regier is hit by Tom Poti and loses puck.
16:50 of 1st period - Wrist shot by Jiri Hudler.
16:50 of 1st period - Stopped by Craig Anderson without a rebound.
16:51 of 1st period - Maxim Lapierre wins face-off versus Patrik Berglund in Flames zone.
17:15 of 1st period - Wrist shot by Jiri Hudler.
17:15 of 1st period - Stopped by Craig Anderson without a rebound.
17:16 of 1st period - Milan Michalek wins face-off versus Eric Staal in Flames zone.
17:27 of 1st period - Slapshot by Jordin Tootoo.
17:27 of 1st period - Shot Blocked by Brendon Nash.
17:29 of 1st period - Slapshot by Eric Staal.
17:29 of 1st period - Stopped by Ray Emery without a rebound.
17:30 of 1st period - Eric Staal wins face-off versus Mike Ribeiro in Canucks zone.
17:39 of 1st period - Wrist shot by Eric Staal.
17:39 of 1st period - Stopped by Ray Emery with a rebound.
17:41 of 1st period - Slapshot by Steve Eminger.
17:41 of 1st period - Stopped by Ray Emery with a rebound.
18:01 of 1st period - Minor Penalty to Robyn Regehr for Hooking.
18:02 of 1st period - Mike Ribeiro wins face-off versus Marcel Goc in Flames zone.
18:02 of 1st period - Backhand shot by Alex Goligoski.
18:02 of 1st period - Shot Blocked by Alexander Semin.
18:04 of 1st period - Slapshot by Alex Goligoski.
18:04 of 1st period - Goal by Alex Goligoski - Canucks : 4 - Flames : 0.
18:05 of 1st period - Jordin Tootoo wins face-off versus Mike Ribeiro in neutral zone.
18:08 of 1st period - Slapshot by Steve Eminger.
18:08 of 1st period - Stopped by Ray Emery without a rebound.
18:09 of 1st period - Mike Ribeiro wins face-off versus Eric Staal in Canucks zone.
18:58 of 1st period - Wrist shot by Jordin Tootoo.
18:58 of 1st period - Stopped by Ray Emery with a rebound.
19:06 of 1st period - Slapshot by Jordin Tootoo.
19:06 of 1st period - Shot Misses the Net.
19:10 of 1st period - Wrist shot by Alexander Semin.
19:10 of 1st period - Shot Blocked by Maxim Lapierre.
19:32 of 1st period - Snap shot by Jordin Tootoo.
19:32 of 1st period - Shot Misses the Net.
Goals for this period are 4 for Canucks vs 0 for Flames.
Shots for this period are 14 for Canucks vs 15 for Flames.

2nd period


0:01 of 2nd period - Patrik Berglund wins face-off versus Mike Ribeiro in neutral zone.
0:04 of 2nd period - Ben Lovejoy is hit by Mark Bell and loses puck.
0:15 of 2nd period - Michel Ouellet is hit by Ben Lovejoy and loses puck.
1:16 of 2nd period - Wrist shot by Mike Ribeiro.
1:16 of 2nd period - Shot Misses the Net.
1:18 of 2nd period - Snap shot by Mike Ribeiro.
1:18 of 2nd period - Shot Blocked by Tomas Kaberle.
1:20 of 2nd period - Slapshot by Tom Poti.
1:20 of 2nd period - Shot Blocked by Tomas Kaberle.
1:54 of 2nd period - Tom Poti is hit by Robyn Regehr and loses puck.
1:57 of 2nd period - Snap shot by Alex Tanguay.
1:57 of 2nd period - Shot Blocked by Robyn Regehr.
1:59 of 2nd period - Wrist shot by Jiri Hudler.
1:59 of 2nd period - Shot Blocked by Brad Marchand.
2:21 of 2nd period - Wrist shot by Marcel Goc.
2:21 of 2nd period - Shot Misses the Net.
3:59 of 2nd period - Mark Bell is hit by Ben Lovejoy and loses puck.
4:42 of 2nd period - Ben Lovejoy is hit by Steve Regier and loses puck.
4:49 of 2nd period - Eric Staal is hit by Brendon Nash and loses puck.
5:11 of 2nd period - Alexander Semin is hit by Maxim Afinogenov and loses puck.
5:27 of 2nd period - Eric Staal is hit by Maxim Afinogenov and loses puck.
5:37 of 2nd period - Icing by Jordin Tootoo.
5:38 of 2nd period - Eric Staal wins face-off versus Maxim Lapierre in Flames zone.
5:46 of 2nd period - Off-side.
5:47 of 2nd period - Alex Tanguay wins face-off versus Patrik Berglund in neutral zone.
6:06 of 2nd period - Snap shot by Alex Tanguay.
6:06 of 2nd period - Stopped by Craig Anderson without a rebound.
6:07 of 2nd period - Marcel Goc wins face-off versus Mike Ribeiro in Flames zone.
6:29 of 2nd period - Icing by Sami Lepisto.
6:30 of 2nd period - Mike Ribeiro wins face-off versus Patrik Berglund in Canucks zone.
6:43 of 2nd period - Patrik Berglund is hit by Matt Stajan and loses puck.
7:08 of 2nd period - Snap shot by Mike Ribeiro.
7:08 of 2nd period - Stopped by Craig Anderson with a rebound.
7:42 of 2nd period - Backhand shot by Tom Poti.
7:42 of 2nd period - Shot Blocked by Tomas Kaberle.
7:50 of 2nd period - Slapshot by Tomas Kaberle.
7:50 of 2nd period - Shot Blocked by Martin Hanzal.
8:19 of 2nd period - Snap shot by Patrick Eaves.
8:19 of 2nd period - Goal by Patrick Eaves - Canucks : 5 - Flames : 0.
8:20 of 2nd period - Matt Stajan wins face-off versus Marcel Goc in neutral zone.
8:30 of 2nd period - Slapshot by Steve Regier.
8:30 of 2nd period - Shot Misses the Net.
8:36 of 2nd period - Wrist shot by Martin St. Louis.
8:36 of 2nd period - Shot Blocked by Steve Eminger.
9:23 of 2nd period - Icing by Marcel Goc.
9:24 of 2nd period - Martin St. Louis wins face-off versus Eric Staal in Flames zone.
9:33 of 2nd period - Slapshot by Martin St. Louis.
9:33 of 2nd period - Shot Misses the Net.
9:39 of 2nd period - Snap shot by Alexander Semin.
9:39 of 2nd period - Stopped by Ray Emery with a rebound.
9:45 of 2nd period - Minor Penalty to Brendon Nash for Tripping.
9:46 of 2nd period - Eric Staal wins face-off versus Maxim Afinogenov in Canucks zone.
9:55 of 2nd period - Snap shot by Eric Staal.
9:55 of 2nd period - Stopped by Ray Emery with a rebound.
11:30 of 2nd period - Erik Johnson is hit by Jiri Hudler and loses puck.
11:45 of 2nd period - Penalty to Brendon Nash is over, Brendon Nash is back on ice.
12:04 of 2nd period - Slapshot by Brad Marchand.
12:04 of 2nd period - Stopped by Ray Emery with a rebound.
12:06 of 2nd period - Slapshot by Jonathan Ferland.
12:06 of 2nd period - Goal by Jonathan Ferland - Canucks : 5 - Flames : 1.
12:07 of 2nd period - Matt Stajan wins face-off versus Colin Wilson in neutral zone.
12:10 of 2nd period - Jonathan Ferland is hit by Matt Stajan and loses puck.
12:17 of 2nd period - Slapshot by Martin St. Louis.
12:17 of 2nd period - Stopped by Craig Anderson with a rebound.
12:19 of 2nd period - Snap shot by Matt Stajan.
12:19 of 2nd period - Deflect By Clarke MacArthur.
12:19 of 2nd period - Shot Blocked by Steve Eminger.
12:19 of 2nd period - Puck is out of play.
12:20 of 2nd period - Mike Ribeiro wins face-off versus Eric Staal in Flames zone.
12:23 of 2nd period - Wrist shot by Maxim Afinogenov.
12:23 of 2nd period - Stopped by Craig Anderson without a rebound.
12:24 of 2nd period - Mike Ribeiro wins face-off versus Alexander Semin in Flames zone.
12:39 of 2nd period - Wrist shot by Alexander Semin.
12:39 of 2nd period - Stopped by Ray Emery without a rebound.
12:40 of 2nd period - Patrik Berglund wins face-off versus Matt Stajan in Canucks zone.
12:41 of 2nd period - Wrist shot by Mark Bell.
12:41 of 2nd period - Stopped by Ray Emery with a rebound.
12:43 of 2nd period - Wrist shot by Patrik Berglund.
12:43 of 2nd period - Stopped by Ray Emery without a rebound.
12:44 of 2nd period - Matt Stajan wins face-off versus Mark Bell in Canucks zone.
12:44 of 2nd period - Matt Stajan is hit by Patrik Berglund.
12:58 of 2nd period - Patrik Berglund is hit by Clarke MacArthur and loses puck.
13:33 of 2nd period - Maxim Afinogenov is hit by Alexander Semin and loses puck.
13:34 of 2nd period - Maxim Afinogenov from Canucks is injured at 13:34 of 2nd period (Strained Left Knee).
13:35 of 2nd period - Eric Staal wins face-off versus Milan Michalek in Canucks zone.
13:36 of 2nd period - Slapshot by Alexander Semin.
13:36 of 2nd period - Shot Misses the Net.
14:10 of 2nd period - Snap shot by Mark Bell.
14:10 of 2nd period - Shot Blocked by Alex Tanguay.
14:12 of 2nd period - Snap shot by Mark Bell.
14:12 of 2nd period - Shot Blocked by Alex Tanguay.
14:12 of 2nd period - Alex Tanguay from Canucks is injured at 14:12 of 2nd period (Left Knee).
14:13 of 2nd period - Mike Ribeiro wins face-off versus Patrik Berglund in Canucks zone.
14:13 of 2nd period - Mike Ribeiro is hit by Mark Bell.
14:39 of 2nd period - Eric Staal is hit by Clarke MacArthur and loses puck.
15:56 of 2nd period - Slapshot by Cam Janssen.
15:56 of 2nd period - Stopped by Ray Emery without a rebound.
15:57 of 2nd period - Eric Staal wins face-off versus Mike Ribeiro in Canucks zone.
16:00 of 2nd period - Snap shot by Eric Staal.
16:00 of 2nd period - Stopped by Ray Emery with a rebound.
16:10 of 2nd period - Slapshot by Mike Ribeiro.
16:10 of 2nd period - Goal by Mike Ribeiro - Canucks : 6 - Flames : 1.
16:10 of 2nd period - Pekka Rinne enters game.
16:11 of 2nd period - Mike Ribeiro wins face-off versus Eric Staal in neutral zone.
16:17 of 2nd period - Off-side.
16:18 of 2nd period - Mike Ribeiro wins face-off versus Eric Staal in neutral zone.
16:43 of 2nd period - Milan Michalek is hit by Eric Staal and loses puck.
16:51 of 2nd period - Icing by Milan Michalek.
16:52 of 2nd period - Milan Michalek wins face-off versus Patrik Berglund in Canucks zone.
17:08 of 2nd period - Minor Penalty to Steve Regier for High sticking.
17:09 of 2nd period - Marcel Goc wins face-off versus Matt Stajan in Flames zone.
17:39 of 2nd period - Slapshot by Alex Goligoski.
17:39 of 2nd period - Stopped by Pekka Rinne with a rebound.
17:41 of 2nd period - Slapshot by Mike Ribeiro.
17:41 of 2nd period - Stopped by Pekka Rinne with a rebound.
19:08 of 2nd period - Penalty to Steve Regier is over, Steve Regier is back on ice.
19:47 of 2nd period - Mark Bell is hit by Milan Michalek and loses puck.
19:58 of 2nd period - Slapshot by Erik Johnson.
19:58 of 2nd period - Shot Blocked by Tom Poti.
Goals for this period are 2 for Canucks vs 1 for Flames.
Shots for this period are 8 for Canucks vs 9 for Flames.

3rd period


0:01 of 3rd period - Eric Staal wins face-off versus Mike Ribeiro in neutral zone.
0:08 of 3rd period - Slapshot by Alex Goligoski.
0:08 of 3rd period - Stopped by Pekka Rinne without a rebound.
0:09 of 3rd period - Mike Ribeiro wins face-off versus Eric Staal in Flames zone.
0:16 of 3rd period - Snap shot by Milan Michalek.
0:16 of 3rd period - Stopped by Pekka Rinne with a rebound.
0:26 of 3rd period - Wrist shot by Jordin Tootoo.
0:26 of 3rd period - Shot Misses the Net.
0:36 of 3rd period - Snap shot by Eric Staal.
0:36 of 3rd period - Shot Misses the Net.
0:38 of 3rd period - Wrist shot by Jordin Tootoo.
0:38 of 3rd period - Shot Misses the Net.
0:40 of 3rd period - Snap shot by Jordin Tootoo.
0:40 of 3rd period - Shot Misses the Net.
0:44 of 3rd period - Snap shot by Alexander Semin.
0:44 of 3rd period - Shot Misses the Net.
0:48 of 3rd period - Wrist shot by Jordin Tootoo.
0:48 of 3rd period - Shot Misses the Net.
0:50 of 3rd period - Slapshot by Ron Hainsey.
0:50 of 3rd period - Stopped by Ray Emery with a rebound.
0:52 of 3rd period - Wrist shot by Jordin Tootoo.
0:52 of 3rd period - Deflect By Ben Lovejoy.
0:52 of 3rd period - Shot Misses the Net.
0:52 of 3rd period - Puck is out of play.
0:53 of 3rd period - Matt Stajan wins face-off versus Patrik Berglund in Canucks zone.
2:05 of 3rd period - Brad Marchand is hit by Clarke MacArthur and loses puck.
3:38 of 3rd period - Sami Lepisto is hit by Robyn Regehr and loses puck.
3:51 of 3rd period - Alexander Semin is hit by Patrick Eaves and loses puck.
4:01 of 3rd period - Wrist shot by Robyn Regehr.
4:01 of 3rd period - Deflect By Sami Lepisto.
4:01 of 3rd period - Stopped by Ray Emery with a rebound.
4:21 of 3rd period - Snap shot by Martin St. Louis.
4:21 of 3rd period - Shot Misses the Net.
4:42 of 3rd period - Snap shot by Steve Eminger.
4:42 of 3rd period - Stopped by Ray Emery without a rebound.
4:43 of 3rd period - Maxim Lapierre wins face-off versus Marcel Goc in Canucks zone.
5:06 of 3rd period - Backhand shot by Ben Lovejoy.
5:06 of 3rd period - Shot Blocked by Michel Ouellet.
5:22 of 3rd period - Snap shot by Brad Marchand.
5:22 of 3rd period - Stopped by Ray Emery with a rebound.
5:24 of 3rd period - Wrist shot by Brad Marchand.
5:24 of 3rd period - Shot Misses the Net.
5:26 of 3rd period - Wrist shot by Jonathan Ferland.
5:26 of 3rd period - Shot Blocked by Brendon Nash.
5:48 of 3rd period - Slapshot by Alex Goligoski.
5:48 of 3rd period - Shot Misses the Net.
6:08 of 3rd period - Jiri Hudler is hit by Steve Eminger and loses puck.
7:20 of 3rd period - Darren Helm is hit by Robyn Regehr and loses puck.
7:49 of 3rd period - Martin Hanzal is hit by Steve Regier and loses puck.
8:14 of 3rd period - Wrist shot by Jonathan Ferland.
8:14 of 3rd period - Shot Misses the Net.
8:16 of 3rd period - Snap shot by Steve Eminger.
8:16 of 3rd period - Shot Blocked by Brendon Nash.
8:18 of 3rd period - Slapshot by Brad Marchand.
8:18 of 3rd period - Shot Misses the Net.
8:20 of 3rd period - Snap shot by Steve Eminger.
8:20 of 3rd period - Stopped by Ray Emery with a rebound.
8:22 of 3rd period - Wrist shot by Colin Wilson.
8:22 of 3rd period - Goal by Colin Wilson - Canucks : 6 - Flames : 2.
8:23 of 3rd period - Maxim Lapierre wins face-off versus Eric Staal in neutral zone.
8:36 of 3rd period - Wrist shot by Maxim Lapierre.
8:36 of 3rd period - Shot Blocked by Ron Hainsey.
8:52 of 3rd period - Wrist shot by Michel Ouellet.
8:52 of 3rd period - Stopped by Ray Emery with a rebound.
9:15 of 3rd period - Off-side.
9:16 of 3rd period - Eric Staal wins face-off versus Mike Ribeiro in neutral zone.
9:59 of 3rd period - Slapshot by Ben Lovejoy.
9:59 of 3rd period - Stopped by Pekka Rinne with a rebound.
10:01 of 3rd period - Snap shot by Darren Helm.
10:01 of 3rd period - Stopped by Pekka Rinne with a rebound.
10:03 of 3rd period - Snap shot by Maxim Lapierre.
10:03 of 3rd period - Shot Blocked by Marcel Goc.
10:05 of 3rd period - Wrist shot by Maxim Lapierre.
10:05 of 3rd period - Stopped by Pekka Rinne without a rebound.
10:06 of 3rd period - Mike Ribeiro wins face-off versus Eric Staal in Flames zone.
10:15 of 3rd period - Slapshot by Ryan Parent.
10:15 of 3rd period - Stopped by Pekka Rinne without a rebound.
10:16 of 3rd period - Eric Staal wins face-off versus Mike Ribeiro in Flames zone.
10:21 of 3rd period - Slapshot by Alexander Semin.
10:21 of 3rd period - Stopped by Ray Emery with a rebound.
11:09 of 3rd period - Snap shot by Marcel Goc.
11:09 of 3rd period - Shot Misses the Net.
11:25 of 3rd period - Snap shot by Mike Ribeiro.
11:25 of 3rd period - Shot Blocked by Noah Welch.
11:57 of 3rd period - Slapshot by Erik Johnson.
11:57 of 3rd period - Shot Blocked by Martin Hanzal.
12:05 of 3rd period - Slapshot by Erik Johnson.
12:05 of 3rd period - Shot Blocked by Ben Lovejoy.
12:21 of 3rd period - Snap shot by Milan Michalek.
12:21 of 3rd period - Goal by Milan Michalek - Canucks : 7 - Flames : 2.
12:22 of 3rd period - Eric Staal wins face-off versus Mike Ribeiro in neutral zone.
12:35 of 3rd period - Steve Eminger is hit by Darren Helm and loses puck.
13:19 of 3rd period - Snap shot by Cam Janssen.
13:19 of 3rd period - Deflect By Marcel Goc.
13:19 of 3rd period - Stopped by Ray Emery with a rebound.
13:47 of 3rd period - Wrist shot by Martin Hanzal.
13:47 of 3rd period - Shot Blocked by Alexander Semin.
13:49 of 3rd period - Slapshot by Brendon Nash.
13:49 of 3rd period - Stopped by Pekka Rinne without a rebound.
13:50 of 3rd period - Eric Staal wins face-off versus Martin Hanzal in Flames zone.
13:52 of 3rd period - Minor Penalty to Eric Staal for Roughing.
13:53 of 3rd period - Marcel Goc wins face-off versus Mike Ribeiro in Flames zone.
15:27 of 3rd period - Alex Goligoski is hit by Colin Wilson and loses puck.
15:52 of 3rd period - Penalty to Eric Staal is over, Eric Staal is back on ice.
16:04 of 3rd period - Snap shot by Martin Hanzal.
16:04 of 3rd period - Stopped by Pekka Rinne with a rebound.
16:28 of 3rd period - Snap shot by Colin Wilson.
16:28 of 3rd period - Stopped by Ray Emery with a rebound.
16:30 of 3rd period - Snap shot by Eric Staal.
16:30 of 3rd period - Goal by Eric Staal - Canucks : 7 - Flames : 3.
16:31 of 3rd period - Mike Ribeiro wins face-off versus Patrik Berglund in neutral zone.
16:41 of 3rd period - Icing by Michel Ouellet.
16:42 of 3rd period - Patrik Berglund wins face-off versus Mike Ribeiro in Flames zone.
16:42 of 3rd period - Patrik Berglund is hit by Mike Ribeiro.
16:54 of 3rd period - Slapshot by Mike Ribeiro.
16:54 of 3rd period - Shot Misses the Net.
16:56 of 3rd period - Wrist shot by Milan Michalek.
16:56 of 3rd period - Deflect By Steve Regier.
16:56 of 3rd period - Shot Blocked by Steve Regier.
16:56 of 3rd period - Puck is out of play.
16:57 of 3rd period - Matt Stajan wins face-off versus Eric Staal in Flames zone.
17:21 of 3rd period - Ben Lovejoy is hit by Tomas Kaberle and loses puck.
17:38 of 3rd period - Snap shot by Alexander Semin.
17:38 of 3rd period - Stopped by Ray Emery without a rebound.
17:39 of 3rd period - Patrik Berglund wins face-off versus Mike Ribeiro in Canucks zone.
17:51 of 3rd period - Tom Poti is hit by Patrik Berglund and loses puck.
18:08 of 3rd period - Off-side.
18:09 of 3rd period - Brad Marchand wins face-off versus Mike Ribeiro in neutral zone.
18:34 of 3rd period - Maxim Lapierre is hit by Jordin Tootoo and loses puck.
18:50 of 3rd period - Minor Penalty to Eric Staal for Hooking.
18:51 of 3rd period - Mike Ribeiro wins face-off versus Marcel Goc in Flames zone.
18:58 of 3rd period - Snap shot by Mike Ribeiro.
18:58 of 3rd period - Shot Blocked by Ron Hainsey.
19:00 of 3rd period - Wrist shot by Darren Helm.
19:00 of 3rd period - Goal by Darren Helm - Canucks : 8 - Flames : 3.
19:01 of 3rd period - Mike Ribeiro wins face-off versus Alexander Semin in neutral zone.
Goals for this period are 2 for Canucks vs 2 for Flames.
Shots for this period are 10 for Canucks vs 12 for Flames.